 Dungeon Crawl Stone Soup version 0.19.5 (webtiles) character file.

648324 raph the Minotaur Barricade (level 27, -4/182 HPs)
             Began as a Minotaur Fighter on Apr 30, 2017.
             Was the Champion of Ashenzari.
             Slain by a thrashing horror (5 damage)
             ... while paralysed by accursed screaming
             ... on level 5 of the Abyss on May 7, 2017.
             The game lasted 05:07:02 (80837 turns).

raph the Minotaur Barricade (Minotaur Fighter)     Turns: 80837, Time: 05:07:03

Health: -4/182     AC: 41    Str: 28      XL:     27
Magic:  19/19      EV:  2    Int:  0 (3)  God:    Ashenzari [******]
Gold:   351        SH:  0    Dex: 21      Spells: 1 memorised, 25 levels left

rFire  + + +     SeeInvis +     K - +3 demon trident (flame) (curse)
rCold  + + .     Gourm    .     V - +4 pearl dragon scales (curse)
rNeg   + + .     Faith    .     o - +6 large shield of Ignorance {rN+ AC+4 Int-6 *Curse} (curse)
rPois  .         Spirit   .     b - +2 hat {MR+} (curse)
rElec  +         Reflect  +     y - +2 cloak (curse)
rCorr  .         Harm     .     X - +2 pair of gloves {Str+3} (curse)
MR     +++..     Clarity  +     L - +0 pair of boots of Tuweem {rElec rF++ Dex+4 Stlth-} (curse)
Stlth  ..........               Z - +5 amulet of reflection (curse)
                                t - ring "Qami Asu" {*Contam +Fly rF+ rC++} (curse)
                                v - +2 ring of intelligence (curse)

@: paralysed, very slightly contaminated, hasted and slowed, lost intelligence,
glowing
A: retaliatory headbutt, horns 2, clarity, deterioration 2, frail 3, low mp 3
a: Curse Item, Scrying, Transfer Knowledge, Renounce Religion, Evoke Flight
}: 3/15 runes: serpentine, barnacled, silver


You were on level 5 of the Abyss.
You worshipped Ashenzari.
Ashenzari was exalted by your worship.
You were not hungry.

You visited 9 branches of the dungeon, and saw 49 of its levels.
You visited the Abyss 1 time.
You also visited: Bailey.

You collected 6902 gold pieces.
You spent 6551 gold pieces at shops.

Inventory:

Hand Weapons
 K - a cursed +3 demon trident of flaming (weapon)
Missiles
 i - 2 poisoned javelins
 u - 62 javelins (quivered)
 E - 3 javelins of penetration
Armour
 b - a cursed +2 hat of magic resistance (worn)
 o - the cursed +6 large shield of Ignorance (worn) {rN+ AC+4 Int-6 *Curse}
   (You took it off a merfolk on level 4 of the Shoals)

   It affects your AC (+4).
   It affects your intelligence (-6).
   It protects you from negative energy.
   It may re-curse itself when equipped.
   It has a curse placed upon it.
 y - a cursed +2 cloak (worn)
 L - the cursed +0 pair of boots of Tuweem (worn) {rElec rF++ Dex+4 Stlth-}
   (You found it on level 4 of the Depths)

   It affects your dexterity (+4).
   It greatly protects you from fire.
   It insulates you from electricity.
   It makes you less stealthy.
   It has a curse placed upon it.
 V - cursed +4 pearl dragon scales (worn)
 X - a cursed +2 pair of gloves of strength (worn)
Jewellery
 t - the cursed ring "Qami Asu" (right hand) {*Contam +Fly rF+ rC++}
   (You found it on level 3 of the Elven Halls)

   [ring of flight]

   It protects you from fire.
   It greatly protects you from cold.
   It lets you fly.
   It causes magical contamination when unequipped.
   It has a curse placed upon it.
 v - a cursed +2 ring of intelligence (left hand)
 Z - a cursed +5 amulet of reflection (around neck)
Wands
 c - a wand of flame (27/48)
 h - a wand of disintegration (15/24)
 j - a wand of lightning (10/15)
 m - a wand of digging (8/24)
 s - a wand of digging (17/24)
 A - a wand of iceblast (9/15)
 G - a wand of lightning (4/15)
 H - a wand of hasting (1/9)
 R - a wand of acid (5/15)
Scrolls
 a - 2 scrolls of summoning
 e - 6 scrolls of fear
 l - 10 scrolls of fog
 p - a scroll of blinking
 w - 11 scrolls of teleportation
 B - 2 scrolls of magic mapping
 C - a scroll of enchant armour
 D - 17 scrolls of identify
 J - 9 scrolls of remove curse
 P - 4 scrolls of silence
 Q - 2 scrolls of recharging
Potions
 k - 12 potions of curing
 n - 7 potions of agility
 q - a potion of magic
 z - 3 potions of berserk rage
 M - 6 potions of flight
 N - 9 potions of haste
 S - 4 potions of resistance
 T - 3 potions of cancellation
 Y - 2 potions of might
Miscellaneous
 d - a disc of storms
 x - a lamp of fire
Comestibles
 f - 27 bread rations
 g - 6 fruits
 r - a meat ration


   Skills:
 + Level 23.7 Fighting
 + Level 24.9(27) Polearms
 + Level 17.9 Throwing
 + Level 21.3(24.7) Armour
 + Level 19.3(22.9) Dodging
 O Level 27 Shields
 + Level 7.8(12.3) Evocations


You had 25 spell levels left.
You knew the following spells:

 Your Spells              Type           Power        Failure   Level  Hunger
a - Apportation           Tloc           #.........   87%         1    ##.....


Dungeon Overview and Level Annotations

Branches:
Dungeon (15/15)            Temple (0/1) D:7            Lair (6/6) D:10
 Shoals (4/4) Lair:3        Snake (4/4) Lair:4        Slime (0/5) Lair:5
    Orc (2/2) D:11            Elf (3/3) Orc:2        Vaults (5/5) D:14
  Crypt (0/3) Vaults:3     Depths (5/5) D:15            Zot (5/5) Depths:5

Altars:
Ashenzari
Cheibriados
Dithmenos
Hepliaklqana
Makhleb
Okawaru
Sif Muna
Trog
Xom
Zin
Beogh
Jiyva
Lugonu

Shops:
D:7 ?}   D:12 =   Orc:2 *?=([   Elf:1 [   Elf:2 :*[%   Snake:2 =}=[
Vaults:1 *   Vaults:4 :   Vaults:5 %%?

Portals:
Hell: Lair:6 Depths:1 Depths:2 Depths:3 Depths:4 Depths:5
Abyss: Depths:4
Pandemonium: Depths:1 Depths:3
Ziggurat: Depths:4

Annotations:
Depths:2 Sojobo


Innate Abilities, Weirdness & Mutations

You reflexively headbutt those who attack you in melee.
You have a pair of horns on your head.
You possess an exceptional clarity of mind.
Your magical capacity is extremely low. (-30% MP)
[Your body often deteriorates upon taking damage.]
[You are extremely frail. (-30% HP)]


Message History

The thrashing horror is heavily damaged.
You block the thrashing horror's attack. x2
You block the large abomination's attack.
A cacophony of accursed wailing tears at your sanity!
* * * LOW HITPOINT WARNING * * *
You suddenly lose the ability to move!
The thrashing horror tramples you but does no damage.
The thrashing horror tramples you.
* * * LOW HITPOINT WARNING * * *
You hold your ground!
The thrashing horror tramples you but does no damage. x2
You feel less exhausted.
The thrashing horror roars!
You hear a roar! x2
The thrashing horror tramples you but does no damage.
The thrashing horror barely misses you.
The thrashing horror tramples you but does no damage. x4
The sixfirhy hits you but does no damage.
The thrashing horror tramples you but does no damage. x2
The thrashing horror tramples you.
You die...

,*#*#.. ∆.#..#..#......
,*, ,, )....., .)..
......#.# , ,*,, *
##..,###....,..G.#..#,.,,*
, ,* {,,##8# #
8#####..#.##., * , {###,
.###.......#..#.* *, ,,'
..'..⌠.A∩XX.#** * ,,*
,,,###.XXXXXX.#** ,* ,,* *
* ##8##.X3X#X#.#, ,, , * *
{,**#....XX@X4###.#,,, * *
, ,,, .......X*#..#... *,
*,,*##..#.X.###....# , ,,,
, * , ≈ ,*#.#.###.#*,....
* * ,, * *,* ≈.,# .##,,
##. ,, * * **, *,, #* , ,
* *,,, , , ,* ** * *,,, ,
, * ,,, , * ,, , ,*,,* ,
,* ,,, ,,≈ * , *** , ,,***


You could see 10 starcursed masses, an angel, a wretched star, a glowing orange
brain, 5 thrashing horrors, a large abomination, a sixfirhy and a chaos spawn.

Vanquished Creatures
  3 orbs of fire
  2 ancient liches
  2 juggernauts
  Bai Suzhen (Depths:3)
  A shard shrike (Zot:1)
  6 Killer Klowns
  5 curse toes
  12 golden dragons
  the Enchantress (Depths:2)
  3 liches
  3 bone dragons
  3 electric golems
  Rupert (Lair:5)
  15 tentacled monstrosities
  10 Orb Guardians (Zot:5)
  A titan (Vaults:5)
  2 deep elf blademasters (Elf:3)
  6 death cobs
  5 quicksilver dragons
  2 ancient champions (Vaults:3)
  2 tentacled starspawn (Abyss:5)
  Frances (D:12)
  15 tengu reavers
  A kraken (Shoals:3)
  4 sphinxes
  9 storm dragons
  10 shadow dragons
  13 fire giants
  Ilsuiw (Shoals:4)
  6 draconian monks
  4 iron dragons
  11 nagarajas (Snake:4)
  4 draconian knights
  4 frost giants
  14 vault wardens
  10 deep elf sorcerers
  Aizul (Elf:1)
  3 ghost moths
  4 deep elf elementalists (Elf:3)
  7 draconian scorchers
  5 draconian shifters
  Louise (D:15)
  An angel (Abyss:5)
  A draconian annihilator (Zot:1)
  A ghoul (Vaults:5)
  A cacodemon (Depths:3)
  16 ironheart preservers
  7 draconian zealots
  2 war gargoyles (Vaults:5)
  4 spriggan defenders (Depths:2)
  6 caustic shrike skeletons (Depths:2)
  26 stone giants
  29 very ugly things
  2 entropy weavers
  2 vampire knights
  5 draconian callers
  6 green draconians
  2 ophanim (Abyss:5)
  6 large abominations
  8 purple draconians
  11 deep elf demonologists
  12 deep elf annihilators
  18 red draconians
  The ghost of ihor the Blocker, a journeyman FoFi of Elyvilon (Lair:2)
  6 black draconians
  11 white draconians
  9 yellow draconians
  Azrael (Orc:1)
  2 dire elephants
  A spark wasp (Depths:3)
  11 deep elf death magi
  13 ettins
  10 mottled draconians
  9 merfolk javelineers
  6 merfolk impalers
  A crystal guardian (Vaults:4)
  A blizzard demon (Depths:1)
  10 fire dragons
  5 deep elf high priests
  A fire dragon (shapeshifter) (Vaults:5)
  The ghost of gabygaby the Grappler, a journeyman TrBe of Trog (D:12)
  32 vault guards
  6 hydras
  15 yaktaur captains
  6 rakshasas
  6 spriggan air magi
  9 great orbs of eyes
  6 ice dragons
  A ghost crab (shapeshifter) (Depths:1)
  6 merfolk avatars
  An alligator snapping turtle (Shoals:4)
  2 anacondas (shapeshifter)
  A catoblepas (Lair:6)
  29 naga warriors
  7 death knights
  4 merfolk aquamancers (Shoals:4)
  Erica (Lair:1)
  6 anacondas
  10 tengu warriors
  The ghost of bananaglory the Frost Mage, a journeyman HuIE of Vehumet (D:10)
  10 centaur warriors
  8 deep troll shamans
  2 vampire magi
  An alligator (shapeshifter) (Depths:5)
  21 naga sharpshooters
  12 death yaks (Depths:2)
  34 dancing weapons
  18 ogre magi
  10 spriggan berserkers
  13 deep troll earth magi
  5 shock serpents
  Urug (Lair:3)
  23 deep elf knights
  2 small abominations
  A sun demon (Depths:1)
  9 hell knights
  An iron troll (Depths:2)
  A sixfirhy (Lair:6)
  A shadow wraith (Vaults:2)
  A glowing orange brain (shapeshifter) (Depths:3)
  3 glowing orange brains
  2 skeletal warriors
  9 sea snakes
  2 gelid demonspawn (Depths:3)
  25 slime creatures
  3 unseen horrors
  4 spriggan druids (Depths:2)
  18 deep trolls
  A spatial maelstrom (Abyss:5)
  7 wizards
  5 flayed ghosts
  An orange crystal statue (Depths:1)
  9 naga ritualists
  17 deep elf archers
  23 harpies
  9 phantasmal warriors
  70 deep elf magi
  12 orc knights
  2 harpies (shapeshifter)
  13 hill giants
  17 ironbrand convokers
  A tengu zombie (Depths:3)
  A sphinx zombie (Depths:3)
  5 necromancers
  48 ugly things
  6 mana vipers
  2 salamanders (Snake:2)
  2 orb spiders (shapeshifter)
  2 wolf spiders
  8 fauns
  10 manticores
  3 orc sorcerers
  27 moths of wrath
  A centaur zombie (D:15)
  A cyclops (shapeshifter) (Vaults:2)
  7 cyclopes
  11 elephants (Lair:6)
  A moth of wrath (shapeshifter) (D:15)
  A water nymph (shapeshifter) (Depths:1)
  Maurice (D:13)
  A stone giant skeleton (Vaults:4)
  14 water nymphs
  An elephant (shapeshifter) (Depths:2)
  A guardian serpent (shapeshifter) (D:15)
  40 black mambas
  16 naga magi
  10 guardian serpents
  16 sirens
  A black mamba (shapeshifter) (Vaults:2)
  2 gargoyles
  An elf skeleton (Depths:3)
  A spiny frog (shapeshifter) (Elf:3)
  10 spiny frogs
  A torpor snail (shapeshifter) (Depths:1)
  16 vault sentinels
  6 smoke demons
  3 orange demons
  4 rime drakes (Lair:6)
  A komodo dragon (shapeshifter) (Depths:3)
  3 kobold demonologists (D:13)
  2 komodo dragons
  11 freezing wraiths
  An efreet (Abyss:5)
  28 yaktaurs
  2 hellwings
  A rime drake (shapeshifter) (Vaults:1)
  An entropy weaver simulacrum (Vaults:2)
  3 ice devils
  4 red devils
  4 ancient zymes (Abyss:5)
  5 tengu conjurers
  18 trolls
  A jumping spider (Vaults:2)
  Grinder (D:5)
  A two-headed ogre (shapeshifter) (D:15)
  34 merfolk
  14 hornets
  3 wind drakes (Shoals:2)
  29 two-headed ogres
  A hornet (shapeshifter) (D:13)
  8 dream sheep
  A harpy skeleton (D:10)
  A raiju (shapeshifter) (Elf:1)
  14 blink frogs
  14 hippogriffs
  3 hippogriffs (shapeshifter)
  9 snapping turtles
  A meliai zombie (D:14)
  35 spriggans
  A ynoxinul (Depths:1)
  A shadow (D:13)
  2 tarantellas (shapeshifter)
  A yak (shapeshifter) (Vaults:1)
  4 air elementals
  A wyvern (shapeshifter) (Depths:1)
  30 water elementals
  4 wyverns
  41 yaks
  6 wraiths
  2 redbacks
  4 hungry ghosts
  5 fire elementals
  A steam dragon (Lair:4)
  Grum (D:9)
  6 basilisks
  4 golden eyes (Abyss:5)
  2 neqoxecs (Abyss:5)
  Menkaure (D:7)
  4 vampire mosquitoes (D:12)
  3 mottled dragons (Vaults:1)
  A mottled dragon (shapeshifter) (Depths:1)
  5 wargs
  62 nagas
  A soldier ant (shapeshifter) (D:14)
  A soldier ant (D:7)
  6 hell hounds
  9 porcupines
  16 water moccasins
  A floating eye (Depths:5)
  2 hydra simulacra (Zot:1)
  5 ice beasts
  A black bear (D:9)
  3 phantoms
  6 sky beasts
  3 boggarts (D:15)
  2 wolves (D:9)
  22 centaurs
  36 orc warriors
  A necrophage (D:13)
  61 ogres
  12 crocodiles
  4 big kobolds
  20 bullfrogs
  A wyvern zombie (D:14)
  8 gnoll sergeants (Bailey)
  5 earth elementals
  A human skeleton (Vaults:4)
  4 scorpions
  A wyvern skeleton (D:12)
  A scorpion (shapeshifter) (Vaults:4)
  An elf simulacrum (Vaults:2)
  3 wights (D:13)
  2 electric eels
  3 howler monkeys
  5 crimson imps
  4 quasits
  A human simulacrum (Vaults:4)
  6 jellies
  2 bullfrog skeletons
  A bullfrog zombie (D:8)
  20 orc priests
  6 gnoll shamans (Bailey)
  10 hounds
  3 centaur skeletons
  2 iron imps (Depths:3)
  Jessica (D:2)
  6 iguanas
  Terence (D:4)
  14 worker ants
  Natasha (D:2)
  35 orc wizards
  A hound zombie (D:8)
  18 gnolls
  12 adders
  4 shadow imps
  4 white imps
  3 adder zombies
  2 worms
  2 dart slugs (D:1)
  2 leopard geckos
  96 orcs
  A ball python (D:2)
  4 giant cockroaches
  10 goblins
  3 hobgoblins
  6 jackals
  6 quokkas
  3 bats
  2 frilled lizards
  20 kobolds
  A quokka skeleton (D:5)
  5 rats
  A bush (D:9)
  2 crawling corpses (Elf:3)
  3 plants
  4 starspawn tentacles (Abyss:5)
  A tentacle (Shoals:3)
2358 creatures vanquished.

Vanquished Creatures (others)
  Vashnia (Snake:4)
  A fire giant (Depths:3)
  A vault warden (Vaults:4)
  3 stone giants
  A deep elf annihilator (Elf:3)
  A merfolk javelineer (Depths:1)
  A yaktaur captain (Vaults:5)
  A spriggan air mage (Depths:2)
  2 ogre magi
  11 naga sharpshooters
  A shadow wraith (Vaults:2)
  3 spriggan druids (Depths:2)
  2 deep elf archers
  A deep elf mage (Elf:2)
  12 yaktaurs
  A tengu conjurer (Depths:2)
  8 hornets (Depths:2)
  A two-headed ogre (Depths:2)
  8 spriggans (Depths:2)
  A yak (Depths:2)
  A water elemental (Shoals:4)
  2 large abominations (Abyss:5)
  A naga (Snake:4)
  An ogre (Vaults:4)
  5 centaurs
  An orc wizard (Vaults:5)
  2 orcs (D:12)
  8 bushes
  A demonic plant (D:13)
  2 fungi
  49 plants
  A starspawn tentacle (Abyss:5)
  31 tentacles (Shoals:3)
166 creatures vanquished.

Grand Total: 2524 creatures vanquished

Notes
Turn   | Place    | Note
-------+----------+-------------------------------------------
     0 | D:1      | raph the Minotaur Fighter began the quest for the Orb.
     0 | D:1      | Reached XP level 1. HP: 19/19 MP: 0/0
     2 | D:1      | Noticed a minotaur
     2 | D:1      | Noticed a vine stalker
    12 | D:1      | Noticed a merfolk
    12 | D:1      | Noticed a vampire
    15 | D:1      | Noticed a centaur
    15 | D:1      | Noticed a halfling
    17 | D:1      | Noticed an octopode
    17 | D:1      | Noticed an elf
    19 | D:1      | Noticed a demigod
    21 | D:1      | Noticed a dwarf
    21 | D:1      | Noticed a human
    31 | D:1      | Noticed a spriggan
    31 | D:1      | Noticed a demonspawn
    37 | D:1      | Noticed a draconian
    37 | D:1      | Noticed a felid
    39 | D:1      | Noticed a formicid
    41 | D:1      | Noticed a ghoul
    41 | D:1      | Noticed an ogre
    43 | D:1      | Noticed a troll
    43 | D:1      | Noticed a tengu
    45 | D:1      | Noticed a naga
    45 | D:1      | Noticed a gargoyle
   212 | D:1      | Reached XP level 2. HP: 26/27 MP: 1/1
   712 | D:2      | Reached XP level 3. HP: 33/33 MP: 2/2
   757 | D:2      | Noticed Jessica
   763 | D:2      | Killed Jessica
   826 | D:2      | Reached XP level 4. HP: 40/40 MP: 3/3
   920 | D:2      | Noticed Natasha
   923 | D:2      | Killed Natasha
  1573 | D:3      | Noticed Terence
  1597 | D:3      | Reached XP level 5. HP: 47/47 MP: 4/4
  1640 | D:3      | Found a faded altar of an unknown god.
  1908 | D:3      | Found a glowing silver altar of Zin.
  1910 | D:3      | Found a deep blue altar of Sif Muna.
  1947 | D:3      | Found a shattered altar of Ashenzari.
  1959 | D:3      | Reached skill level 5 in Polearms
  1970 | D:3      | Became a worshipper of Ashenzari the Shackled
  2021 | D:4      | Reached skill level 5 in Armour
  2174 | D:4      | Noticed a phantom
  2192 | D:4      | Killed a phantom
  2192 | D:4      | Reached skill level 1 in Dodging
  2192 | D:4      | Reached XP level 6. HP: 53/53 MP: 5/5
  2226 | D:4      | Gained mutation: You passively map a small area around you. [potion of beneficial mutation]
  2636 | D:4      | Reached skill level 5 in Fighting
  2909 | D:4      | Killed Terence
  2972 | D:5      | Entered Level 5 of the Dungeon
  3180 | D:5      | Noticed Grinder
  3201 | D:5      | Killed Grinder
  3201 | D:5      | Reached XP level 7. HP: 41/61 MP: 6/6
  3892 | D:6      | Reached XP level 8. HP: 70/70 MP: 7/7
  3908 | D:6      | Found a hazy altar of Hepliaklqana.
  3940 | D:6      | Reached skill level 1 in Evocations
  4511 | D:7      | Found Qaegod's Magic Scroll Shoppe.
  4534 | D:7      | Bought a scroll of remove curse for 42 gold pieces
  4534 | D:7      | Bought a scroll of enchant armour for 105 gold pieces
  4602 | D:7      | Reached * piety under Ashenzari
  4612 | D:7      | Found a staircase to the Ecumenical Temple.
  4634 | D:7      | Killed an unseen horror
  4634 | D:7      | Reached XP level 9. HP: 61/79 MP: 9/9
  4782 | D:7      | Found Wakhir's Gadget Emporium.
  4990 | D:7      | Noticed Menkaure
  5002 | D:7      | Killed Menkaure
  5002 | D:7      | Reached skill level 5 in Dodging
  5747 | D:8      | Reached skill level 10 in Polearms
  5883 | D:8      | Reached skill level 1 in Throwing
  6265 | D:9      | Found a shadowy altar of Dithmenos.
  7336 | D:9      | Reached XP level 10. HP: 88/88 MP: 12/12
  7455 | D:9      | Noticed Grum
  7488 | D:9      | Killed Grum
  7488 | D:9      | Reached skill level 4 in Shields
  7749 | D:9      | Reached ** piety under Ashenzari
  7995 | D:10     | Entered Level 10 of the Dungeon
  8164 | D:10     | Reached skill level 5 in Shields
  8303 | D:10     | Noticed bananaglory's ghost (journeyman HuIE)
  8314 | D:10     | Killed bananaglory's ghost
  8317 | D:10     | Found a flagged portal.
  8329 | Bailey   | Entered a bailey
  8469 | Bailey   | Reached skill level 6 in Shields
  8998 | D:10     | Found a staircase to the Lair.
  9115 | Lair:1   | Entered Level 1 of the Lair of Beasts
  9215 | Lair:1   | Reached XP level 11. HP: 95/97 MP: 13/13
  9579 | Lair:1   | Noticed Erica
  9593 | Lair:1   | Killed Erica
  9593 | Lair:1   | Reached skill level 7 in Shields
  9603 | Lair:1   | Reached *** piety under Ashenzari
 10082 | Lair:2   | Noticed a seven-headed hydra
 10093 | Lair:2   | Killed a seven-headed hydra
 10389 | Lair:2   | Reached skill level 8 in Shields
 10401 | Lair:2   | Reached skill level 5 in Throwing
 10611 | Lair:2   | Noticed ihor's ghost (journeyman FoFi)
 10707 | Lair:2   | Killed ihor's ghost
 10783 | Lair:2   | Noticed a six-headed hydra
 10790 | Lair:2   | Killed a six-headed hydra
 10813 | Lair:2   | Reached skill level 10 in Armour
 10887 | Lair:2   | Reached skill level 9 in Shields
 11277 | Lair:3   | Found a staircase to the Shoals.
 11303 | Lair:3   | Reached XP level 12. HP: 91/106 MP: 11/14
 11315 | Lair:3   | Reached skill level 10 in Fighting
 11405 | Lair:3   | Noticed Urug
 11423 | Lair:3   | Killed Urug
 11461 | Lair:3   | Reached **** piety under Ashenzari
 12005 | Lair:3   | Noticed a seven-headed hydra
 12016 | Lair:3   | Killed a seven-headed hydra
 12016 | Lair:3   | Reached skill level 10 in Shields
 12517 | Lair:4   | Reached ***** piety under Ashenzari
 12632 | Lair:4   | Found a staircase to the Snake Pit.
 13109 | Lair:4   | Noticed an ice dragon
 13130 | Lair:4   | Killed an ice dragon
 13334 | Lair:5   | Noticed a six-headed hydra
 13349 | Lair:5   | Killed a six-headed hydra
 13466 | Lair:5   | Identified a scroll of acquirement
 13521 | Lair:5   | Reached skill level 11 in Shields
 13686 | Lair:5   | Noticed Rupert
 13712 | Lair:5   | Killed Rupert
 13768 | Lair:5   | Reached XP level 13. HP: 115/115 MP: 15/15
 13928 | Lair:5   | Found a viscous altar of Jiyva.
 13928 | Lair:5   | Found a staircase to the Slime Pits.
 15445 | D:11     | Found a staircase to the Orcish Mines.
 15519 | Orc:1    | Entered Level 1 of the Orcish Mines
 15741 | Orc:1    | Found a roughly hewn altar of Beogh.
 16005 | Orc:2    | Entered Level 2 of the Orcish Mines
 16005 | Orc:2    | Noticed Azrael
 16025 | Orc:1    | Killed Azrael
 16544 | Orc:2    | Reached skill level 12 in Shields
 18011 | Orc:1    | Reached skill level 13 in Shields
 18981 | Orc:2    | Reached skill level 10 in Dodging
 19021 | Orc:2    | Found a roughly hewn altar of Beogh.
 19024 | Orc:2    | Found Qiep's Jewellery Shoppe.
 19049 | Orc:2    | Found Guxeulo's Antique Armour Shop.
 19066 | Orc:2    | Found Biehox's Magic Scroll Emporium.
 19067 | Orc:2    | Found Ycoschown's Weapon Shoppe.
 19075 | Orc:2    | Found a roughly hewn altar of Beogh.
 19109 | Orc:2    | Bought a scroll of remove curse for 42 gold pieces
 19109 | Orc:2    | Bought a scroll of identify for 28 gold pieces
 19133 | Orc:2    | Bought a pair of embroidered boots for 399 gold pieces
 19133 | Orc:2    | Bought a runed plate armour for 1102 gold pieces
 19142 | Orc:2    | Found a staircase to the Elven Halls.
 19211 | Orc:2    | Found Getal's Assorted Antiques.
 19217 | Orc:2    | Bought a runed diamond amulet for 145 gold pieces
 19229 | Orc:2    | Reached ****** piety under Ashenzari
 19752 | D:11     | Reached XP level 14. HP: 119/125 MP: 14/16
 19946 | D:12     | Found a deep blue altar of Sif Muna.
 19992 | D:12     | Found a shimmering altar of Xom.
 19992 | D:12     | Found Cack's Jewellery Shoppe.
 20293 | D:12     | Found a shimmering altar of Xom.
 20294 | D:12     | Found a shimmering altar of Xom.
 20296 | D:12     | Found a shimmering altar of Xom.
 20296 | D:12     | Found a shimmering altar of Xom.
 20297 | D:12     | Found a shimmering altar of Xom.
 20305 | D:12     | Noticed Frances
 20305 | D:12     | Noticed gabygaby's ghost (journeyman TrBe)
 20321 | D:12     | Killed gabygaby's ghost
 20331 | D:12     | Killed Frances
 21286 | D:13     | Found an iron altar of Okawaru.
 21333 | D:13     | Reached skill level 14 in Shields
 21381 | D:13     | Identified the ring "Vodeishu" {rPois rF+ rN+++ MP+9 Str-3}
 21647 | D:13     | Found a corrupted altar of Lugonu.
 22507 | D:13     | Noticed Maurice
 22522 | D:13     | Killed Maurice
 22859 | D:14     | Found a gate to the Vaults.
 23678 | D:14     | Reached XP level 15. HP: 134/134 MP: 17/17
 23922 | D:15     | Entered Level 15 of the Dungeon
 24197 | D:15     | Reached skill level 15 in Shields
 24372 | D:15     | Noticed Louise
 24404 | D:15     | Killed Louise
 25058 | D:15     | Identified the +4 leather armour of the Known World {rCorr Dex+2 Slay+3}
 25066 | D:15     | Found an iron altar of Okawaru.
 25187 | D:15     | Found a staircase to the Depths.
 25782 | Lair:6   | Entered Level 6 of the Lair of Beasts
 25862 | Lair:6   | Reached skill level 15 in Polearms
 26382 | Lair:6   | Identified the cursed +1 robe of the Shore {rF+ rC+ rN+}
 26929 | Lair:6   | Found a burning altar of Makhleb.
 27503 | Lair:6   | Found a gateway to Hell.
 27685 | Shoals:1 | Entered Level 1 of the Shoals
 27704 | Shoals:1 | Reached skill level 10 in Throwing
 28354 | Shoals:1 | Reached skill level 16 in Shields
 28478 | Shoals:1 | Reached XP level 16. HP: 94/144 MP: 11/18
 30843 | Shoals:3 | Noticed a kraken
 30937 | Shoals:3 | Killed a kraken
 32156 | Shoals:4 | Entered Level 4 of the Shoals
 32563 | Shoals:4 | Noticed Ilsuiw
 33495 | Shoals:4 | Reached skill level 17 in Shields
 33662 | Shoals:4 | Identified the +4 ring mail of Focus {rElec rPois rN+ Str+3 Dex-4}
 33949 | Shoals:4 | HP: 4/146 [Ilsuiw/shard of ice (20)]
 33951 | Shoals:4 | HP: 1/146 [cloud of steam (3)]
 34422 | Shoals:4 | Reached XP level 17. HP: 128/154 MP: 16/19
 34552 | Shoals:4 | Killed Ilsuiw
 34826 | Shoals:4 | Got a barnacled rune of Zot
 35049 | Shoals:4 | Noticed a kraken
 35473 | Orc:2    | Bought a scroll of enchant armour for 105 gold pieces
 35473 | Orc:2    | Bought a scroll of remove curse for 42 gold pieces
 35504 | Orc:2    | Bought a scroll of remove curse for 87 gold pieces
 35504 | Orc:2    | Bought a scroll of enchant weapon for 217 gold pieces
 35678 | Snake:1  | Entered Level 1 of the Snake Pit
 36342 | Snake:2  | Found Qupa's Armour Shoppe.
 36901 | Snake:2  | Found Biut's Jewellery Emporium.
 36902 | Snake:2  | Found Zomech's Gadget Shop.
 36903 | Snake:2  | Found Hograwodgh's Jewellery Emporium.
 37156 | Snake:2  | Reached skill level 18 in Shields
 37161 | Snake:2  | Reached skill level 15 in Fighting
 37180 | Snake:3  | Found a snail-covered altar of Cheibriados.
 37993 | Snake:4  | Entered Level 4 of the Snake Pit
 38681 | Snake:4  | Reached XP level 18. HP: 81/163 MP: 20/20
 38920 | Snake:4  | Found an iron altar of Okawaru.
 38938 | Snake:4  | Reached skill level 19 in Shields
 38963 | Snake:4  | Noticed Vashnia
 38985 | Snake:4  | Killed Vashnia
 40006 | Snake:4  | Reached skill level 20 in Shields
 40659 | Snake:4  | Got a serpentine rune of Zot
 41101 | Vaults:1 | Entered Level 1 of the Vaults
 41315 | Vaults:1 | Reached XP level 19. HP: 174/174 MP: 21/21
 41682 | Vaults:1 | Reached skill level 21 in Shields
 42621 | Vaults:1 | Found Yfehicw's Assorted Antiques.
 42626 | Vaults:1 | Identified the cursed amulet "Guaredy" {+Rage +Fly rPois} (You acquired it on level 1 of the Vaults)
 42632 | Vaults:1 | Bought a scroll of identify for 94 gold pieces
 43539 | Vaults:2 | Reached skill level 22 in Shields
 45237 | Vaults:3 | Reached XP level 20. HP: 178/187 MP: 22/22
 46006 | Vaults:3 | Identified the +3 scale mail "Angiehi" {-Tele rElec Int+3 Dex+4} (You took it off a death knight on level 3 of the Vaults)
 46044 | Vaults:3 | Found a staircase to the Crypt.
 46690 | Vaults:4 | Reached skill level 23 in Shields
 46732 | Vaults:4 | Found Vuqagg's Book Shop.
 48502 | Elf:1    | Entered Level 1 of the Elven Halls
 48759 | Elf:1    | Identified the Disquisition on Slavery
 48876 | Elf:1    | Found Nimomotifri's Armour Shop.
 48906 | Elf:1    | Bought +1 pearl dragon scales for 1258 gold pieces
 48985 | Elf:1    | Noticed Aizul
 49116 | Elf:1    | Killed Aizul
 49712 | Elf:2    | Reached XP level 21. HP: 198/198 MP: 23/23
 49796 | Elf:2    | Found Furuast's Book Shop.
 49812 | Elf:2    | Found Refyt's Armour Boutique.
 49812 | Elf:2    | Found Yhij's General Store.
 49815 | Elf:2    | Found Xoyl's Food Boutique.
 49822 | Elf:2    | Bought a scroll of remove curse for 57 gold pieces
 49822 | Elf:2    | Bought a scroll of remove curse for 57 gold pieces
 50042 | Elf:2    | Found a runed gate.
 50042 | Elf:2    | Found a runed gate.
 50051 | Elf:2    | Found a runed gate.
 50833 | Elf:3    | Entered Level 3 of the Elven Halls
 50900 | Elf:3    | Reached skill level 15 in Armour
 51959 | Elf:3    | HP: 1/199 [Tzitzimitl/bolt of cold[a deep elf demonologist] (47)]
 52272 | Elf:2    | Reached skill level 24 in Shields
 53102 | Elf:3    | Identified the ring "Qami Asu" {*Contam +Fly rF+ rC++}
 53102 | Elf:3    | Identified the +6 chain mail of Uwkeodgh {rElec rC++}
 53197 | Elf:3    | Identified the cursed +2 great sword "Loclilik" {freeze, +Blink Dex-4 Stlth+}
 53197 | Elf:3    | Identified the +1 dagger "Ytoe" {flame, Int+5}
 53197 | Elf:3    | Identified the +3 broad axe of the Enchanted Forest {freeze, rC+}
 53201 | Elf:3    | Identified the +4 broad axe of Foolhardiness {drain, Str+5 Int+3}
 53218 | Elf:3    | Identified the Compendium of Ensnaring Creation
 53307 | Elf:3    | Learned a level 1 spell: Apportation
 53968 | Depths:1 | Entered Level 1 of the Depths
 54783 | Depths:1 | Reached XP level 22. HP: 206/206 MP: 24/24
 55418 | Depths:1 | Found a one-way gate leading to the halls of Pandemonium.
 55817 | Depths:2 | Found a bloodstained altar of Trog.
 56044 | Depths:2 | Noticed Sojobo
 56093 | Depths:2 | HP: 4/209 [spriggan air mage/the air (11)]
 56098 | Depths:2 | HP: 3/209 [spriggan air mage/the air (7)]
 56941 | D:7      | Bought a scroll of blinking for 105 gold pieces
 56941 | D:7      | Bought a scroll of fear for 49 gold pieces
 56941 | D:7      | Bought a scroll of fear for 49 gold pieces
 56941 | D:7      | Bought a scroll of acquirement for 728 gold pieces
 56942 | D:7      | Identified the cursed +0 pair of gloves "Ipabuck" {Int+4} (You acquired it on level 7 of the Dungeon)
 57562 | Depths:2 | Identified the +3 dagger of Toczaow {pierce, +Blink SInv Stlth+} (You took it off an ogre mage on level 2 of the Depths)
 59228 | Depths:2 | Noticed the Enchantress
 59272 | Depths:2 | Killed the Enchantress
 59272 | Depths:2 | Identified the +3 faerie dragon scales {+Blink rPois rF- Stlth+} (You took it off the Enchantress on level 2 of the Depths)
 59601 | Depths:3 | Gained mutation: You are dopey. (Int -2) [a cacodemon]
 59613 | Depths:3 | Gained mutation: Scrolls take you a little longer to read. [a cacodemon]
 60044 | Depths:3 | Reached XP level 23. HP: 210/216 MP: 25/25
 60292 | Depths:3 | Noticed Bai Suzhen
 60326 | Depths:3 | Killed Bai Suzhen
 60338 | Depths:3 | Reached skill level 15 in Dodging
 60392 | Depths:3 | Noticed a juggernaut
 60405 | Depths:3 | Killed a juggernaut
 60905 | Depths:3 | Identified the ring "Yruisir" {*Corrode rPois Dex+7}
 61311 | Depths:3 | Reached skill level 25 in Shields
 61898 | Depths:4 | Found a gateway to a ziggurat.
 62501 | Depths:4 | Found a one-way gate to the infinite horrors of the Abyss.
 62591 | Depths:4 | Noticed a juggernaut
 62656 | Depths:4 | Killed a juggernaut
 62835 | Depths:4 | Identified the +0 pair of boots of Tuweem {rElec rF++ Dex+4 Stlth-}
 62975 | Depths:5 | Entered Level 5 of the Depths
 63074 | Depths:5 | Identified the cursed +0 robe "Wyokurph" {rElec Int+3}
 63379 | Depths:5 | Reached XP level 24. HP: 228/228 MP: 25/25
 64681 | Depths:5 | Found a gate to the Realm of Zot.
 65077 | Vaults:5 | Entered Level 5 of the Vaults
 65167 | Vaults:5 | Reached skill level 15 in Throwing
 65243 | Vaults:5 | Gained mutation: You are weak. (Str -2) [mutagenic glow]
 65480 | Vaults:5 | Lost mutation: You passively map a small area around you. [potion of cure mutation]
 65480 | Vaults:5 | Lost mutation: You are weak. (Str -2) [potion of cure mutation]
 65480 | Vaults:5 | Lost mutation: Scrolls take you a little longer to read. [potion of cure mutation]
 65480 | Vaults:5 | Lost mutation: You are dopey. (Int -2) [potion of cure mutation]
 65495 | Vaults:5 | Found Heniudur's Food Shoppe.
 65518 | Vaults:5 | Found Sajijocu's Food Shoppe.
 66180 | Vaults:5 | Found Genucoxt's Magic Scroll Emporium.
 66387 | Vaults:5 | Got a silver rune of Zot
 66677 | Vaults:5 | Noticed an ancient lich
 66704 | Vaults:5 | Killed an ancient lich
 67073 | Vaults:5 | Reached XP level 25. HP: 237/237 MP: 25/25
 67140 | Vaults:5 | Identified the +1 plate armour "Jogumul" {rC++ rCorr Int+2}
 67147 | Vaults:5 | Identified the Volume of Creative Orientation
 67269 | Vaults:4 | Identified the ring of Dadianur {+Inv SInv Stlth+} (You took it off an ironbrand convoker on level 4 of the Vaults)
 67309 | Vaults:5 | Identified the ring of the Genius {rElec AC+2 Stlth+}
 67818 | Vaults:5 | Identified the cursed +0 pair of gloves of Eternal Vigilance {-Tele rCorr Str-2 Stlth+}
 67967 | Vaults:5 | Identified the +11 halberd of Division {drain, rC+ MR+ Str-2 Int+8}
 68336 | Vaults:5 | Reached skill level 26 in Shields
 68627 | Vaults:5 | Identified the +8 spear of Iczibbeh {flame, rPois rC+ MP+9}
 69565 | Zot:1    | Entered Level 1 of the Realm of Zot
 70603 | Zot:1    | Noticed an orb of fire
 70609 | Zot:1    | Gained mutation: You are agile. (Dex +2) [an orb of fire]
 70624 | Zot:1    | Gained mutation: Your magical capacity is low. (-10% MP) [an orb of fire]
 70629 | Zot:1    | Gained mutation: You regenerate slowly when monsters are visible. [an orb of fire]
 70632 | Zot:1    | Killed an orb of fire
 70677 | Zot:1    | Noticed a shard shrike
 70699 | Zot:1    | Killed a shard shrike
 70823 | Zot:1    | Reached XP level 26. HP: 97/248 MP: 23/23
 74324 | Zot:3    | Identified the +2 scale mail of Baldness {rC+}
 74707 | Zot:4    | Reached skill level 5 in Evocations
 77614 | D:7      | Bought a scroll of acquirement for 728 gold pieces
 77618 | D:7      | Identified the cursed ring of Attitude {rF+ Str+2} (You acquired it on level 7 of the Dungeon)
 77718 | Orc:2    | Bought a disc of storms for 580 gold pieces
 77757 | Orc:2    | Bought a pair of embroidered gloves for 399 gold pieces
 77765 | Orc:2    | Bought a scroll of summoning for 133 gold pieces
 78322 | Zot:1    | Reached XP level 27. HP: 226/258 MP: 23/23
 78487 | Zot:5    | Entered Level 5 of the Realm of Zot
 78913 | Zot:5    | Noticed an ancient lich
 78918 | Zot:5    | Killed an ancient lich
 78977 | Zot:5    | Reached skill level 27 in Shields
 78982 | Zot:5    | Noticed an orb of fire
 78988 | Zot:5    | Gained mutation: Your magical capacity is very low. (-20% MP) [an orb of fire]
 78991 | Zot:5    | Gained mutation: Your magical capacity is extremely low. (-30% MP) [an orb of fire]
 79014 | Zot:5    | Gained mutation: You do not regenerate when monsters are visible. [an orb of fire]
 79022 | Zot:5    | Gained mutation: You tend to lose your temper in combat. [an orb of fire]
 79028 | Zot:5    | Gained mutation: You often lose your temper in combat. [an orb of fire]
 79029 | Zot:5    | Killed an orb of fire
 79426 | Zot:4    | Lost mutation: You do not regenerate when monsters are visible. [potion of cure mutation]
 79426 | Zot:4    | Lost mutation: You regenerate slowly when monsters are visible. [potion of cure mutation]
 79426 | Zot:4    | Lost mutation: You often lose your temper in combat. [potion of cure mutation]
 79426 | Zot:4    | Lost mutation: You tend to lose your temper in combat. [potion of cure mutation]
 79426 | Zot:4    | Lost mutation: You are agile. (Dex +2) [potion of cure mutation]
 79733 | Zot:5    | Noticed an orb of fire
 79985 | Zot:5    | Gained mutation: [You are frail. (-10% HP)] [an orb of fire]
 79988 | Zot:5    | Killed an orb of fire
 80401 | Zot:5    | Noticed an ancient lich
 80405 | Zot:5    | Cast into level 5 of the Abyss (an ancient lich)
 80405 | Abyss:5  | Entered Level 5 of the Abyss
 80405 | Abyss:5  | Found a corrupted altar of Lugonu.
 80405 | Abyss:5  | Found a corrupted altar of Lugonu.
 80646 | Abyss:5  | Lost intelligence.
 80786 | Abyss:5  | Gained mutation: You possess an exceptional clarity of mind. [a neqoxec]
 80831 | Abyss:5  | HP: 8/234 [large abomination (23)]
 80836 | Abyss:5  | HP: 2/182 [starcursed mass/accursed screaming (8)]
 80836 | Abyss:5  | Paralysed by accursed screaming for 2 turns
 80837 | Abyss:5  | Slain by a thrashing horror

Skill      XL: |  1  2  3  4  5  6  7  8  9 10 11 12 13 14 15 16 17 18 19 20 21 22 23 24 25 26 27 |
---------------+----------------------------------------------------------------------------------+-----
Polearms       | 3 4 5 6 7 9 10 11 12 13 14 15 17 18 19 20 21 22 23 24 | 24.9
Armour         | 4 5 6 7 8 9 10 11 12 13 14 15 16 17 18 19 20 21 | 21.3
Fighting       | 4 5 6 7 8 9 10 11 12 13 14 15 16 18 19 20 21 22 23 | 23.7
Dodging        | 1 2 3 4 5 6 8 9 10 11 12 13 14 15 16 17 18 19 | 19.3
Evocations     | 2 4 5 7 |  7.8
Throwing       | 2 4 5 7 9 10 11 12 13 14 15 16 17 | 17.9
Shields        | 6 9 11 13 14 16 17 18 20 22 23 24 25 26 27 | 27.0

Action                   |  1- 3 |  4- 6 |  7- 9 | 10-12 | 13-15 | 16-18 | 19-21 | 22-24 | 25-27 || total
-------------------------+-------+-------+-------+-------+-------+-------+-------+-------+-------++-------
Melee: Trident           |    76 |    98 |       |       |       |       |       |       |       ||   174
       Headbutt          |     7 |    29 |    88 |   204 |   546 |   451 |   717 |   693 |   655 ||  3390
       Spear             |       |    56 |   372 |  1070 |  2377 |  1101 |       |       |       ||  4976
       Demon trident     |       |       |       |       |       |  1376 |  2702 |  2335 |  1941 ||  8354
Throw: Tomahawk          |       |     2 |     5 |    12 |    21 |       |       |       |       ||    40
       Javelin           |       |       |       |     8 |    60 |   140 |    53 |    50 |   181 ||   492
Invok: Curse Item        |       |     1 |     2 |     4 |     1 |     3 |     5 |     1 |       ||    17
       Scrying           |       |       |       |       |       |     4 |       |     1 |     4 ||     9
 Abil: Evoke Flight      |       |       |       |       |       |       |       |       |     1 ||     1
Evoke: Wand              |       |       |     1 |    10 |     8 |    16 |     2 |     8 |     7 ||    52
       Lamp of fire      |       |       |       |       |       |     2 |     1 |       |       ||     3
  Use: Scroll            |       |    13 |     7 |    13 |    10 |    16 |    12 |    12 |     8 ||    91
       Potion            |       |     1 |       |     2 |     4 |     8 |     3 |     7 |     7 ||    32
 Stab: Confused          |       |       |       |       |       |       |       |     6 |     3 ||     9
       Distracted        |       |       |       |       |       |       |       |       |     1 ||     1
  Eat: Chunk             |       |     7 |    11 |    24 |    43 |    19 |    20 |    30 |    10 ||   164
       Beef jerky        |       |       |     1 |     1 |     2 |     1 |       |     1 |     2 ||     8
       Meat ration       |       |       |       |       |     1 |     4 |     4 |     3 |     2 ||    14
       Pizza             |       |       |       |       |       |     6 |       |       |       ||     6
       Fruit             |       |       |       |       |       |     1 |       |       |     1 ||     2
       Bread ration      |       |       |       |       |       |       |     1 |       |     4 ||     5
       Royal jelly       |       |       |       |       |       |       |       |       |     1 ||     1
Armor: Scale mail        |    27 |       |       |       |       |       |       |       |       ||    27
       Chain mail        |       |    61 |   131 |   246 |   505 |       |       |       |       ||   943
       Plate armour      |       |       |       |       |    78 |   529 |   180 |       |       ||   787
       Pearl dragon scal |       |       |       |       |       |       |    79 |   258 |   189 ||   526
Dodge: Dodged            |    27 |    38 |   109 |   193 |   641 |   464 |   311 |   415 |   446 ||  2644
Block: Shield            |       |       |     3 |   310 |  1188 |   584 |       |       |       ||  2085
       Large shield      |       |       |       |       |       |  1543 |  2434 |  1922 |  1721 ||  7620
       Reflection        |       |       |       |       |       |   279 |   218 |   103 |    44 ||   644
